 Dungeon Crawl Stone Soup version 0.28.0-1-gb440e238dd (webtiles) character file.

Game seed: 12790422545401535935

4040 croobank the Covert (level 10, -2/46 HPs)
             Began as a Felid Delver on Feb 19, 2022.
             Was a Priest of Hepliaklqana.
             Slain by a black mamba (10 damage)
             ... on level 2 of the Lair of Beasts.
             The game lasted 01:15:12 (14560 turns).

croobank the Covert (Felid Delver)                 Turns: 14560, Time: 01:15:13

Health: -2/46      AC:  2    Str: 20    XL:     10   Next: 4%
Magic:  16/16      EV: 22    Int: 15    God:    Hepliaklqana [***...]
Gold:   788        SH:  0    Dex: 15    Spells: 8/16 levels left
                                        Lives:  0   Deaths: 3

rFire   + . .      SeeInvis +     - Unarmed
rCold   + . .      Faith    .   (shield unavailable)
rNeg    . . .      Spirit   .   (armour unavailable)
rPois   .          Reflect  .   (helmet unavailable)
rElec   .          Harm     .   (cloak unavailable)
rCorr   .          Rampage  .   (gloves unavailable)
Will    +....                   (boots unavailable)
Stlth   ++++++....              g - amulet of magic regeneration
HPRegen 0.15/turn               b - ring "Jakurret" {Drain rF+ rC+ Str+4 Stlth+}
MPRegen 0.55/turn               n - +6 ring of strength

@: quick
A: reduced essence, very small, claws 1, fangs 3, see invisible, speed 1, shaggy
fur 2, stealthy paws, no weapons or thrown items, no armour, multi-lived, horns
1, clumsy 1, MP-powered wands
a: Renounce Religion, Recall Ancestor, Ancestor Identity, Transference


You were on level 2 of the Lair of Beasts.
You worshipped Hepliaklqana.
Hepliaklqana was most pleased with you.
You visited 3 branches of the dungeon, and saw 15 of its levels.

You collected 788 gold pieces.

Inventory:

Jewellery
 b - the ring "Jakurret" (left paw) {Drain rF+ rC+ Str+4 Stlth+}
   (You found it on level 10 of the Dungeon)

   [ring of protection from fire]

   Str:       It affects your strength (+4).
   rF:        It protects you from fire.
   rC:        It protects you from cold.
   Drain:     It drains your maximum health when unequipped.
   Stlth:     It makes you more stealthy.
 g - an amulet of magic regeneration (around neck)
 h - a ring of flight
 i - a ring of poison resistance
 n - a +6 ring of strength (right paw)
Wands
 l - a wand of acid (4)
 o - a wand of polymorph (15)
Scrolls
 a - a scroll of fog
 c - a scroll of noise
 d - 6 scrolls of identify
 f - a scroll of enchant weapon
 j - a scroll of brand weapon
 p - a scroll of enchant armour
Potions
 k - 2 potions of flight


   Skills:
 - Level 11.3 Fighting
 - Level 9.6 Dodging
 - Level 11.9 Stealth
 - Level 7.3 Unarmed Combat
 + Level 3.5 Spellcasting
 + Level 5.7 Hexes


You had 8 spell levels left.
You knew the following spells:

 Your Spells              Type           Power      Damage    Failure   Level
a - Discord               Hex            9%         N/A       100%        8

Your spell library contained the following spells:

 Spells                   Type           Power      Damage    Failure   Level
 Animate Skeleton         Necr           4%         N/A       19%         1
 Apportation              Tloc           4%         N/A       19%         1
 Shock                    Conj/Air       8%         1d3       19%         1
 Summon Small Mammal      Summ           8%         N/A       19%         1
 Dazzling Flash           Conj/Hex       22%        N/A       19%         3
 Inner Flame              Hex/Fire       11%        N/A       19%         3
 Cause Fear               Hex            9%         N/A       19%         4
 Conjure Flame            Conj/Fire      2%         6-21      50%         3
 Ignite Poison            Fire/Tmut/Pois 2%         N/A       50%         3
 Swiftness                Air            2%         N/A       50%         3
 Silence                  Hex/Air        5%         N/A       86%         5
 Airstrike                Air            1%         N/A       88%         4
 Sticky Flame             Conj/Fire      2%         2d3       88%         4
 Agony                    Necr           2%         N/A       99%         5


Dungeon Overview and Level Annotations

Branches:
Dungeon (12/15)            Temple (1/1) D:7            Lair (2/6) D:10
    Orc (0/2) D:11
  Swamp: Lair:2-4    Shoals: Lair:2-4     Snake: Lair:2-4    Spider: Lair:2-4

Altars:
Cheibriados
Dithmenos
Hepliaklqana
Kikubaaqudgha
Makhleb
Qazlal
Vehumet
Xom

Shops:
D:1 (   D:2 =   D:7 (   D:11 (

Portals:
Trove: D:10 (give glaive of the Guard)

Annotations:
D:5 3 runed translucent doors, suduhmizer's ghost, novice OgHu
Lair:2 exclusion: oklob plant


Innate Abilities, Weirdness & Mutations

Your life essence is reduced to manifest your ancestor. (-10% HP)
You have sharp claws.
You have razor-sharp teeth.
You have supernaturally acute eyesight. (SInv)
You cover ground quickly. (Speed+)
You are covered in thick fur. (AC +2)
Your paws help you pounce on unaware monsters.
You are incapable of wielding weapons or throwing items.
You cannot wear armour.
You gain extra lives every three experience levels.
You have a pair of small horns on your head.
You are clumsy. (Dex -2)
You expend magic power (3 MP) to strengthen your wands.


Message History

Found 24 arrows.
Marking area around an oklob plant as unsafe for travelling.
An oklob plant is nearby!
A bullfrog comes into view.
There is a dry fountain here.
There is a stone staircase leading up here.
You climb upwards.
The wolf bites you! The wolf closely misses you. The black mamba misses you.
The wolf bites you but does no damage.
There is a stone staircase leading down here.
The black mamba bites you! The wolf completely misses you.
The black mamba barely misses you. The scorpion completely misses you.
You climb downwards.
Level annotation: exclusion: oklob plant
There is a stone staircase leading up here.
Okay, then.
Okay, then.
The wolf barely misses you. The scorpion completely misses you.
The black mamba barely misses you. Ælfthryth barely misses the scorpion.
The black mamba bites you! The wolf completely misses you.
The black mamba completely misses you.
Something barely misses Ælfthryth.
The black mamba closely misses you.
Found a stone staircase leading down.
The black mamba barely misses you.
Found 19 gold pieces.
There is a stone staircase leading down here.
The black mamba barely misses you. The wolf bites you.
* * * LOW HITPOINT WARNING * * *
The cane toad croaks.
The scorpion stings you but does no damage.
The cane toad closely misses you.
The black mamba bites you but does no damage.
The wolf closely misses you. The black mamba misses you. The wolf bites you.
* * * LOW HITPOINT WARNING * * *
Okay, then.
Okay, then.
The black mamba barely misses you. The wolf closely misses you.
The black mamba bites you!
You die...

...............##.......†......##
...............'.#...⌠..<..⌠..#..
...............#.###.............
...............### ##...⌠...##P.#
...............# ##.....#.##.#
...............#######.#+.##.....
.....................##...##.....
D...............hSF..............
................@hs...⌠R>.⌠#.....
..................>........#.....
..##.P#.....##...$##..#.⌠.##.....
... ### .P. #...##.+######......
..P# # #...... #..P.#.#.# ....
#...... #......... .. #......
#......... ...... #..#......
##.........


You could see the friendly Ælfthryth the battlemage, a black mamba (ally
target), a cane toad, 2 wolves and a scorpion.

Vanquished Creatures
  Pikel (D:4)
  A kobold demonologist (D:11)
  A cane toad (Lair:2)
  A komodo dragon (Lair:2)
  A troll (D:11)
  Prince Ribbit (D:8)
  2 wyverns
  9 yaks
  2 steam dragons (D:7)
  A vampire mosquito (D:11)
  Edmund (D:6)
  An acid dragon (D:9)
  Duvessa (D:6)
  3 water moccasins
  2 orc warriors (D:8)
  A black bear (D:7)
  An ice beast (D:7)
  A sky beast (D:7)
  3 wolves
  An ogre (D:5)
  4 centaurs
  A phantom (D:5)
  4 bullfrogs
  Blork the orc (D:4)
  2 gnoll sergeants
  3 scorpions
  A wyvern zombie (D:7)
  Dowan (D:6)
  3 water moccasin skeletons
  5 howler monkeys
  2 centaur zombies
  A jelly (D:6)
  2 gnoll shamans
  6 hounds
  8 orc priests
  Crazy Yiuf (D:6)
  2 iguanas
  Natasha (thrice) (D:3)
  7 orc wizards
  2 hound skeletons (D:4)
  3 howler monkey zombies
  14 gnolls
  A howler monkey skeleton (D:6)
  7 adders
  2 shadow imps (D:7)
  A white imp (D:6)
  An adder skeleton (D:4)
  2 worms (D:4)
  4 dart slugs
  29 orcs
  13 endoplasms
  9 goblins
  3 hobgoblins
  3 jackals (D:1)
  4 quokkas
  6 ball pythons
  A bat (D:2)
  2 frilled lizards (D:3)
  4 kobolds
  3 rats
206 creatures vanquished.

Vanquished Creatures (collateral kills)
  A basilisk (Lair:2)
  A yak (D:11)
  A water moccasin (Lair:2)
  3 wolves (Lair:2)
  A bullfrog (Lair:2)
  A howler monkey (D:8)
  A gnoll (D:9)
  6 orcs
15 creatures vanquished.

Vanquished Creatures (others)
  6 battlemagi
  5 ancestors
  6 fungi (Lair:2)
  8 plants (Lair:2)
25 creatures vanquished.

Grand Total: 246 creatures vanquished

Notes
Turn   | Place    | Note
-------+----------+-------------------------------------------
     0 | D:5      | croobank the Felid Delver began the quest for the Orb.
     0 | D:5      | Reached XP level 1. HP: 10/10 MP: 2/2
    22 | D:5      | Reached XP level 2. HP: 14/14 MP: 3/3
    42 | D:5      | Found a runed translucent gate.
    42 | D:5      | Found a runed translucent gate.
    43 | D:5      | Found a runed translucent gate.
    44 | D:5      | Noticed suduhmizer's ghost (novice OgHu)
    49 | D:5      | Noticed a yak
    50 | D:5      | Noticed a yak
    50 | D:5      | Noticed a yak
    50 | D:5      | Noticed a yak
    50 | D:5      | Noticed a yak
    71 | D:5      | Noticed a scorpion
   135 | D:4      | Reached XP level 3. HP: 6/17 MP: 4/4
   397 | D:4      | Noticed Blork the orc
   404 | D:4      | Killed Blork the orc
   405 | D:4      | Reached XP level 4. HP: 22/22 MP: 5/5
   679 | D:3      | Found a snail-covered altar of Cheibriados.
   738 | D:2      | Found Cudur's Jewellery Emporium.
   941 | D:1      | Reached XP level 5. HP: 25/25 MP: 6/6
  1161 | D:1      | Found a faded altar of an unknown god.
  1692 | D:1      | Found Busoh's Antique Weapon Emporium.
  2498 | D:3      | Noticed Natasha
  2501 | D:3      | Killed Natasha
  2649 | D:3      | Noticed Natasha
  2660 | D:3      | Killed Natasha
  2850 | D:3      | Noticed Natasha
  2862 | D:3      | Killed Natasha
  3209 | D:3      | Gained mutation: You are covered in thick fur. (AC +2)
                  | [Felid growth]
  3209 | D:3      | Reached XP level 6. HP: 25/28 MP: 7/7
  3328 | D:4      | Identified the +1 pair of gloves of Xoengia {rC++ rN++}
  3330 | D:4      | Noticed Pikel
  3402 | D:5      | Reached skill level 5 in Dodging
  3775 | D:4      | Killed Pikel
  3776 | D:4      | Reached skill level 5 in Fighting
  3776 | D:4      | Reached XP level 7. HP: 33/33 MP: 8/8
  4299 | D:5      | Reached skill level 5 in Unarmed Combat
  4299 | D:5      | Reached XP level 8. HP: 37/37 MP: 9/9
  5591 | D:4      | Reached skill level 10 in Stealth
  5865 | D:6      | Noticed Edmund
  5871 | D:6      | Killed Edmund
  6035 | D:6      | Noticed Dowan
  6037 | D:6      | Noticed Duvessa
  6328 | D:6      | Reached XP level 9. HP: 42/42 MP: 10/10
  6367 | D:6      | Found a runed translucent door.
  6368 | D:6      | Noticed Crazy Yiuf
  6375 | D:6      | Killed Crazy Yiuf
  6526 | D:6      | Killed Dowan
  6539 | D:6      | Killed Duvessa
  7677 | D:5      | Mangled by a gnoll sergeant
  7678 | D:5      | Reached XP level 8. HP: -8/40 MP: 9/9
  7933 | D:7      | HP: 1/40 [steam dragon/ball of steam (7)]
  7934 | D:7      | Engulfed by a steam dragon's steam
  7935 | D:7      | Reached XP level 7. HP: 1/36 MP: 8/8
  7971 | D:7      | Identified the +6 morningstar of the Hungering Priest
                  | {holy, rCorr}
  8022 | D:7      | Found the +18 Lear's hauberk
  8038 | D:7      | Reached XP level 8. HP: 40/40 MP: 9/9
  8126 | D:7      | Found Ufebbem's Weapon Shoppe.
  8671 | D:7      | Found a staircase to the Ecumenical Temple.
  8701 | Temple   | Entered the Ecumenical Temple
  8744 | Temple   | Became a worshipper of Hepliaklqana the Forgotten
  9473 | D:8      | Reached XP level 9. HP: 30/45 MP: 10/10
 10213 | D:8      | Reached * piety under Hepliaklqana
 10269 | D:8      | Noticed Prince Ribbit
 10277 | D:8      | Killed Prince Ribbit
 10502 | D:8      | You fall into a shaft and drop 3 floors!
 10502 | D:11     | Found Ussanliu's Weapon Shoppe.
 10502 | D:11     | Found a staircase to the Orcish Mines.
 10582 | D:11     | Noticed a troll
 10640 | D:11     | Killed a troll
 10641 | D:11     | Reached skill level 10 in Fighting
 10683 | D:10     | Entered Level 10 of the Dungeon
 11095 | D:8      | Reached XP level 10. HP: 25/45 MP: 11/11
 11779 | D:9      | Found a stormy altar of Qazlal.
 12715 | D:10     | Found a portal to a secret trove of treasure.
 12736 | D:10     | Found a shimmering altar of Xom.
 12749 | D:10     | Found an ancient bone altar of Kikubaaqudgha.
 12799 | D:10     | Learned a level 8 spell: Discord
 12802 | D:10     | Reached ** piety under Hepliaklqana
 12804 | D:10     | Remembered your ancestor Ælfthryth as a battlemage
 12959 | D:11     | Reached skill level 1 in Spellcasting
 13051 | D:11     | Noticed a two-headed ogre
 13565 | D:10     | Noticed a two-headed ogre
 13573 | D:10     | Gained mutation: You are clumsy. (Dex -2) [potion of
                  | mutation]
 13573 | D:10     | Gained mutation: You have a pair of small horns on your
                  | head. [potion of mutation]
 13573 | D:10     | Gained mutation: You expend magic power (3 MP) to
                  | strengthen your wands. [potion of mutation]
 13574 | D:10     | Mangled by a troll
 13575 | D:10     | Reached XP level 9. HP: -8/43 MP: 12/12
 13602 | D:10     | Identified the ring "Jakurret" {Drain rF+ rC+ Str+4 Stlth+}
 13667 | D:10     | Found a staircase to the Lair.
 13669 | D:10     | Noticed a death yak
 13669 | D:10     | Noticed a death yak
 13671 | D:10     | Noticed a death yak
 13787 | Lair:1   | Entered Level 1 of the Lair of Beasts
 13816 | Lair:1   | You fall into a shaft and drop 1 floor!
 13960 | Lair:2   | Noticed a cane toad
 13972 | Lair:2   | Reached *** piety under Hepliaklqana
 13973 | Lair:2   | Killed a cane toad
 13983 | Lair:1   | Noticed a black mamba
 13993 | Lair:2   | Noticed a cane toad
 14031 | Lair:2   | Noticed a komodo dragon
 14044 | Lair:2   | Killed a komodo dragon
 14045 | Lair:2   | Reached skill level 5 in Hexes
 14054 | Lair:2   | Noticed a five-headed hydra
 14158 | Lair:2   | Reached XP level 10. HP: 32/46 MP: 14/16
 14483 | Lair:2   | Noticed an oklob plant
 14560 | Lair:2   | Slain by a black mamba

Illustrated notes

Levels and vault maps discovered:
D:1:      onia_arrival_handbag, layout_basic, serial_shops, shop,
          chequers_ecumenical_altar_simple_redux, roderic_roman_lattice,
          st_stairs_4, chequers_serial_rivers_room_a,
          corexii_item_surrounded_by_moat
D:2:      layout_rooms, serial_shops, shop
D:3:      layout_basic, mainiacjoe_overflow_paths, uniq_natasha
D:4:      layout_rooms, chequers_ossuary_entry_cave, minmay_bisected,
          uniq_blork_the_orc, uniq_pikel
D:5:      layout_basic, ebering_ghost_rock_garden, minmay_misc_feat_roman,
          eino_tiny_chamber, nicolae_zen_rock_garden
D:6:      layout_basic, uniq_crazy_yiuf_cottage, uniq_duvessa, uniq_edmund
D:7:      layout_basic, minmay_temple_entry_nine_rooms, enter_bailey_2,
          serial_shops, nicolae_shop_crystal, minmay_quadrilaterals
D:8:      layout_loops_corners, minmay_misc_feat_plants, uniq_prince_ribbit1
D:9:      layout_long_grid, nicolae_qazlal_eye_of_the_storm
D:10:     minmay_angry_zag, layout_basic, amethyst_overflow_temple_binary,
          dpeg_lair_monsters, enter_trove_0
D:11:     layout_rooms, orc_david_3, kennysheep_cluttered_room
D:12:     layout_roguey
Temple:   dpeg_five_rooms_temple
Lair:1:   minmay_lair_venomous_thicket, layout_cave_pods,
          gammafunk_ghost_berserking_beasts
Lair:2:   minmay_lair_oklob_tunnel, layout_regular_city,
          chequers_serial_rivers_micro_a, lemuel_fruit_tree, grunt_megastairs_3,
          lemuel_fruit_fields, infiniplex_staircase_pool_2

Skill      XL: |  1  2  3  4  5  6  7  8  9 10 |
---------------+-------------------------------+-----
Dodging        | 3 4 6 8 9 |  9.6
Stealth        | 7 9 10 11 | 11.9
Unarmed Combat | 3 4 7 6 |  7.3
Fighting       | 4 5 8 10 11 | 11.3
Spellcasting   | 3 1 |  3.5
Hexes          | 5 3 |  5.7

Action                   |  1- 3 |  4- 6 |  7- 9 | 10-12 || total
-------------------------+-------+-------+-------+-------++-------
Melee: Unarmed           |    14 |   154 |   431 |   103 ||   702
       Bite              |     1 |    18 |    51 |    10 ||    80
       Punch             |       |     1 |    14 |     7 ||    22
       Headbutt          |       |       |     2 |       ||     2
Invok: Recall Ancestor   |       |       |     3 |     1 ||     4
       Ancestor Life: Ba |       |       |       |     1 ||     1
Evoke: Wand              |     2 |     7 |    28 |     3 ||    40
  Use: Scroll            |     3 |     6 |    13 |     4 ||    26
       Potion            |     1 |     8 |     8 |     2 ||    19
 Stab: Sleeping          |     3 |    22 |    23 |     3 ||    51
       Distracted        |       |       |     6 |     3 ||     9
Armor: Skin              |       |     7 |    27 |     7 ||    41
Dodge: Dodged            |    17 |    93 |   382 |   176 ||   668
